 Dungeon Crawl Stone Soup version 0.25-a0-663-gace7076f2c (webtiles) character file.

Game seed: 14523442560912419648, levelgen mode: deterministic

14 Esekla the Stinger (level 2, 18/18 HPs)
             Began as an Octopode Venom Mage on Mar 26, 2020.
             Got out of the dungeon alive.
             The game lasted 00:03:41 (713 turns).

Esekla the Stinger (Octopode Venom Mage)             Turns: 713, Time: 00:03:41

Health: 18/18      AC:  1    Str:  7    XL:     2   Next: 45%
Magic:  5/5        EV: 13    Int: 17    God:
Gold:   0          SH:  0    Dex: 12    Spells: 4/5 levels left

rFire    . . .     SeeInvis .   f - -3 dagger (curse)
rCold    . . .     Gourm    .   (no shield)
rNeg     . . .     Faith    .   (helmet restricted)
rPois    .         Spirit   .   (no amulet)
rElec    .         Reflect  .   (no ring)
rCorr    .         Harm     .   (no ring)
MR       .....                  (no ring)
Stlth    +++.......             (no ring)
HPRegen  0.06/turn              (no ring)
MPRegen  0.09/turn              (no ring)
                                (no ring)
                                (no ring)

@: no status effects
A: almost no armour, stealthy swim, amphibious, 8 rings, constrict 8, camouflage
1, gelatinous body 1
a: no special abilities


You escaped.
You were not hungry.

You visited 1 branch of the dungeon, and saw 2 of its levels.

Inventory:

Hand Weapons
 f - a cursed -3 dagger (weapon)
Potions
 a - a potion of brilliance {unknown}
 c - a potion of degeneration
Comestibles
 b - a ration


   Skills:
 * Level 0.4 Fighting
 * Level 2.1 Dodging
 + Level 2.7 Stealth
 * Level 2.1 Spellcasting
 - Level 1.0 Transmutations
 + Level 4.1 Poison Magic


You had 4 spell levels left.
You knew the following spells:

 Your Spells              Type           Power        Failure   Level  Hunger
a - Sting                 Tmut/Pois      ##..         7%          1    #......

Your spell library contained the following spells:

 Spells                   Type           Power        Failure   Level  Hunger
 Poisonous Vapours        Pois/Air       #.....       12%         2    ###....
 Ignite Poison            Fire/Tmut/Pois #.......     28%         3    ###....
 Mephitic Cloud           Conj/Pois/Air  #.......     32%         3    ###....
 Olgreb's Toxic Radiance  Pois           ###.....     34%         4    #####..


Dungeon Overview and Level Annotations

Branches:
Dungeon (2/15)

Altars:

Annotations:
D:2 1 runed translucent door, Crazy Yiuf


Innate Abilities, Weirdness & Mutations

You cannot wear most types of armour.
You are very stealthy in the water. (Stealth+)
You are amphibious.
You can wear up to eight rings at the same time.
You can use your tentacles to constrict eight enemies at once.
Your skin changes colour to match your surroundings (Stealth+).
Your rubbery body absorbs attacks. (AC +1, EV +1)


Message History

Press: ? - help, v - describe, . - travel
Here: Crazy Yiuf, wielding a +2 quarterstaff of chaos and wearing a +0 cloak of magic resistance (fire blocked by a runed translucent door)
The floor.
Unknown command.
There is a stone staircase leading up here.
You climb upwards.
There is a stone staircase leading down here.
Found a brown potion.
a - a brown potion
There is an open door here.
There is an open door here.
There is an open door here.
There is an open door here.
There is an open door here.
You see here a +0 club.
You see here 4 stones.
There is an open door here.
There is a staircase leading out of the dungeon here.
Are you sure you want to leave the Dungeon?
This will make you lose the game!
You have escaped!

,,*,******,,*,,,,,,,,,,,.........
.,*,*,,,,,,>,,,,,,,,*,,,.....##.#
.,,,******,,,,,,,,,,*,,,.....##.#
.,,,,,,,,,,,,,,,,,,,',,,.....'...
.############********,,,.....##.#
.......##...## ****'##***#.#
..###.....#..###### *,* #.#
..#....####..#....# *,######'#
.....#.'..#..'..@.# *,#.......
..##'#.#..#..#....# **#.......
#.#..#..###..###### #.......
#.#..#.......# ######.......
.####################...######'##
...# #..........'......#
##.###########.....#....#....#.#
##(#........##.....#....#....#'##
##.)........##.....#....#........


There were no monsters in sight!

Vanquished Creatures
  2 dart slugs (D:1)
  A giant cockroach (D:1)
  A goblin (D:1)
  A hobgoblin (D:1)
  A kobold (D:1)
  A bat (D:1)
  A frilled lizard (D:1)
  3 rats (D:1)
11 creatures vanquished.

Notes
Turn   | Place    | Note
-------+----------+-------------------------------------------
     0 | D:1      | Esekla the Octopode Venom Mage began the quest for the Orb.
     0 | D:1      | Reached XP level 1. HP: 11/11 MP: 3/3
   320 | D:1      | Reached XP level 2. HP: 17/17 MP: 5/5
   354 | D:1      | Reached skill level 4 in Poison Magic
   610 | D:2      | Found a runed translucent door.
   611 | D:2      | Noticed Crazy Yiuf
   713 | D:$      | Got out of the dungeon alive.

Levels and vault maps discovered:
D:1:      dpeg_arrival_erosion, layout_basic
D:2:      layout_loops_ring, minmay_close_crescents, uniq_crazy_yiuf_cottage

Skill      XL: |  1  2 |
---------------+-------+-----
Poison Magic   | 4 |  4.1
Fighting       | |  0.4
Dodging        | |  2.1
Stealth        | |  2.7
Spellcasting   | |  2.1
Transmutations | |  1.0

Action                   || total
-------------------------++-------
Melee: Unarmed           ||    21
       Constrict         ||     9
       Tentacles         ||     4
       Dagger            ||     3
 Cast: Sting             ||    10
  Use: Scroll            ||     3
Armor: Skin              ||     3
Dodge: Dodged            ||    10

Table legend:
 A = Non-vault XP
 B = Vault XP
 C = Vault XP percentage of total XP
 D = Non-vault monster count
 E = Vault monster count
 F = Vault count percentage of total count
                 A         B        C        D         E       F
            +---------+---------+-------+---------+---------+-------
      Total |      21 |       0 |   0.0 |      11 |       0 |   0.0
            +---------+---------+-------+---------+---------+-------
        D:1 |      21 |       0 |   0.0 |      11 |       0 |   0.0
            +---------+---------+-------+---------+---------+-------
